 Dungeon Crawl Stone Soup version 0.31-a0-1301-g7e11add784 (webtiles) character file.

Game seed: 10730735691351865630

9602 Bnni the Geomancer (level 11, -3/83 HPs)
             Began as a Formicid Earth Elementalist on Dec 19, 2023.
             Was a Priest of Cheibriados.
             Slain by a gnoll sergeant
             ... wielding a +5 spear of flaming
              (5 damage)
             ... on level 11 of the Dungeon.
             The game lasted 00:25:42 (11142 turns).

Bnni the Geomancer (Formicid Earth Elementalist)   Turns: 11142, Time: 00:25:43

Health: -3/83      AC: 20    Str: 22    XL:     11   Next: 77%
Magic:  10/18      EV: 11    Int: 26    God:    Cheibriados [***...]
Gold:   442        SH:  6    Dex: 28    Spells: 8/20 levels left

rFire   + + .        a - +6 dagger of Ashenzari's Delight {heavy, Fly rF++}
rCold   . . .        K - +0 buckler
rNeg    + . .        D - +0 plate armour
rPois   .            (helmet unavailable)
rElec   .            q - +0 cloak
rCorr   .            (no gloves)
SInv    +            L - +2 pair of boots
Will    +....        H - amulet of magic regeneration Stlth
                     m - ring of positive energy
HPRegen 0.33/turn    o - +6 ring of dexterity
MPRegen 0.56/turn

%: no passive effects
@: attractive, flying, studying Dodging, very slow
A: permanent stasis, dig shafts and tunnels, antennae 3, four strong arms
a: Dig, Shaft Self, Renounce Religion, Bend Time, Temporal Distortion


You were on level 11 of the Dungeon.
You worshipped Cheibriados.
Cheibriados was most pleased with you.
You visited 2 branches of the dungeon, and saw 12 of its levels.
You also visited: Sewer and Ossuary.

You collected 456 gold pieces.
You spent 14 gold pieces at shops.

Inventory:

Hand Weapons
 a - the +6 dagger of Ashenzari's Delight (weapon) {heavy, Fly rF++}
   (You found it on level 4 of the Dungeon)

   rF++:      It greatly protects you from fire.
   Fly:       It grants you flight.
 z - a +1 dagger of venom
 J - a +2 sling of electrocution
Missiles
 y - 3 curare-tipped darts
Armour
 q - a +0 cloak (worn)
 D - a +0 plate armour (worn)
 K - a +0 buckler (worn)
 L - a +2 pair of boots (worn)
Magical Staves
 F - a staff of poison
Jewellery
 d - a ring of magical power
 m - a ring of positive energy (left hand)
 o - a +6 ring of dexterity (right hand)
 H - an amulet of magic regeneration (around neck)
Wands
 E - a wand of digging (3)
Scrolls
 c - 4 scrolls of fog
 f - 6 scrolls of teleportation {unknown}
 g - 4 scrolls of poison {unknown}
 i - a scroll of torment
 j - 4 scrolls of enchant weapon
 l - 5 scrolls of enchant armour {unknown}
 p - a scroll of silence {unknown}
 s - a scroll of blinking {unknown}
 t - 2 scrolls of immolation {unknown}
 w - 2 scrolls of revelation {unknown}
 x - 4 scrolls of fear
 B - a scroll of amnesia
 C - 3 scrolls of noise {unknown}
Potions
 b - 2 potions of magic
 e - a potion of resistance
 h - 4 potions of lignification
 k - a potion of attraction
 n - 6 potions of might
 r - 6 potions of curing
 v - 4 potions of mutation
 A - 3 potions of brilliance
 G - 3 potions of enlightenment {unknown}
 I - a potion of berserk rage {unknown}


   Skills:
 + Level 6.5 Fighting
 + Level 11.6 Armour
 + Level 5.4 Dodging
 - Level 2.4 Stealth
 + Level 2.8 Shields
 - Level 5.0 Spellcasting
 - Level 4.0 Conjurations
 + Level 2.2 Necromancy
 - Level 2.0 Transmutations
 - Level 12.0 Earth Magic
 * Level 7.8 Invocations


You had 8 spell levels left.
You knew the following spells:

 Your Spells              Type           Power      Damage    Failure   Level
a - Sandblast             Erth           100%       2d20      1%          1
b - Passwall              Tmut/Erth      35%        N/A       10%         2
c - Stone Arrow           Conj/Erth      96%        3d13      13%         3
d - Brom's Barrelling Bo  Conj/Erth      48%        2d7       38%         4
s - Sublimation of Blood  Necr           18%        N/A       56%         2

Your spell library contained the following spells:

 Spells                   Type           Power      Damage    Failure   Level
 Magic Dart               Conj           100%       1d8       22%         1
 Kiss of Death            Conj/Necr      88%        2d12      32%         1
 Foxfire                  Conj/Fire      64%        2x1d7     45%         1
 Petrify                  Tmut/Erth      42%        N/A       54%         4
 Wereblood                Tmut           16%        N/A       58%         2
 Call Imp                 Summ           12%        N/A       86%         2
 Ensorcelled Hibernation  Hex/Ice        12%        N/A       86%         2
 Mephitic Cloud           Conj/Pois/Air  13%        N/A       90%         3
 Ignite Poison            Fire/Tmut/Pois 9%         N/A       95%         3
 Confusing Touch          Hex            6%         N/A       98%         3
 Dispel Undead            Necr           18%        3d11      99%         4
 Sticky Flame             Conj/Fire      16%        2d4       99%         4
 Irradiate                Conj/Tmut      11%        3d15      100%        5
 Plasma Beam              Fire/Air       3%         2x1d13    100%        6
 Starburst                Conj/Fire      8%         6d4       100%        6
 Haunt                    Necr/Summ      6%         N/A       100%        7
 Summon Hydra             Summ           3%         N/A       100%        7
 Borgnjor's Revivificati  Necr           9%         N/A       100%        8
 Ignition                 Fire           3%         3d4       100%        8
 Death's Door             Necr           9%         N/A       100%        9
 Swiftness                Air            Unusable   N/A       N/A         3

Dungeon Overview and Level Annotations

Branches:
Dungeon (11/15)            Temple (1/1) D:5            Lair (0/5) D:9
    Orc (0/2) D:9           Sewer (visited)         Ossuary (visited)

Altars:
Ashenzari
Cheibriados
Dithmenos
Elyvilon
Fedhas
Gozag
Hepliaklqana
Kikubaaqudgha
Makhleb
Nemelex Xobeh
Okawaru
Qazlal
Ru
Sif Muna
Trog
Uskayaw
Vehumet
Wu Jian
Xom
Yredelemnul
Zin
The Shining One

Shops:
D:2 (   D:4 !

Portals:
Ice
Cave: D:11

Annotations:
D:11 3 runed translucent doors, Ratslayer's ghost, journeyman MiBe


Innate Abilities, Weirdness & Mutations

You cannot be hasted, slowed, berserked, paralysed or teleported.
You can dig through walls and to a lower floor.
You have a pair of large antennae on your head. (SInv)
Your four strong arms can wield two-handed weapons with a shield.


Message History

Unknown command.
Aiming: Sandblast (safe; 1% risk of failure)
Press: ? - help, Q - select action, (/) - cycle Shift-Dir - straight line, f/p - centaur warrior
Aim: a centaur warrior (severely wounded, 89% to hit)
The blast of sand hits the centaur warrior!
The centaur warrior is almost dead.
You block the centaur warrior's attack.
The centaur warrior kicks you but does no damage.
The yak gores you but does no damage.
The gnoll sergeant hits you but does no damage.
The centaur warrior hits you but does no damage.
The centaur warrior kicks you but does no damage.
The gnoll sergeant hits you from afar with a +5 spear of flaming.
* * * LOW HITPOINT WARNING * * *
You block the yak's attack.
Aiming: Sandblast (safe; 1% risk of failure)
Press: ? - help, Q - select action, (/) - cycle Shift-Dir - straight line, f/p - centaur warrior
Aim: a centaur warrior (almost dead, 89% to hit)
The blast of sand hits the centaur warrior!
You kill the centaur warrior!
Cheibriados thoroughly appreciates the change of pace.
You can now inflict damage on those overly hasty.
Cheibriados raises the support of your attributes as your movement slows.
The gnoll sergeant hits you from afar with a +5 spear of flaming!
* * * LOW HITPOINT WARNING * * *
The yak gores you but does no damage.
Unknown command.
Activating: Slouch (7% risk of failure)
Press: ? - help, Dir - look around, f - activate You can feel time thicken for a moment.
You kill the gnoll!
Cheibriados appreciates the change of pace.
You kill the gnoll!
Cheibriados appreciates the change of pace.
You can no longer inflict damage on those overly hasty.
Cheibriados lowers the support of your attributes as your movement quickens.
The yak gores you!
* * * LOW HITPOINT WARNING * * *
The gnoll sergeant hits you from afar with a +5 spear of flaming.
You die...

#... #.# #... # #.##...#
#... #. #.##...# #..#...
####. #.##...# #..#...
...... #.##...# #..#...
.....)# #.##...# #..#..)
...∩)YY##.##...###..#).)
#...YgY@............#.))
#...gY###...........#)..
###.., #..##...........
## #..##...........
#..##...........
#..##......###..
#..##......# #..
#..##......# #.. #..
#......# ..


You could see 5 yaks, a gnoll sergeant and a gnoll.

Vanquished Creatures
  2 centaur warriors (D:11)
  Pikel (D:8)
  A manticore (D:10)
  Joseph (D:8)
  Psyche (D:11)
  Grinder (D:4)
  A vampire (D:6)
  3 yaks (D:9)
  A shadow (D:10)
  2 wraiths
  An acid dragon (D:10)
  3 sky beasts
  2 orc warriors
  2 black bears
  6 centaurs
  A lemure (D:8)
  2 phantoms (D:5)
  A bullfrog (D:7)
  5 kobold brigands
  A gnoll sergeant (D:9)
  4 scorpions
  5 wights (D:8)
  21 killer bees
  2 howler monkeys (D:8)
  3 hounds
  3 jellies
  Crazy Yiuf (D:2)
  2 centaur skeletons (Ossuary)
  A gnoll bouda (D:6)
  8 orc priests
  3 sleepcaps
  3 iguanas (D:6)
  9 orc wizards
  A troll simulacrum (D:11)
  2 spriggan simulacra (D:11)
  A crocodile zombie (Ossuary)
  13 mummies (Ossuary)
  11 adders
  14 gnolls
  A naga simulacrum (D:11)
  8 river rats (Sewer)
  4 ufetubi
  A worm zombie (D:7)
  3 worms
  3 dart slugs
  27 orcs
  12 endoplasms
  8 giant cockroaches
  5 goblins
  7 hobgoblins
  4 quokkas
  11 ball pythons
  10 bats
  3 frilled lizards
  2 gnoll skeletons (Ossuary)
  22 kobolds
  3 kobold skeletons (Ossuary)
  An orc skeleton (Ossuary)
  6 rats
  10 spectral rats (Ossuary)
296 creatures vanquished.

Vanquished Creatures (others)
  A boulder (D:11)
1 creature vanquished.

Grand Total: 297 creatures vanquished

Notes
Turn   | Place    | Note
-------+----------+-------------------------------------------
     0 | D:1      | Bnni the Formicid Earth Elementalist began the quest for
                  | the Orb.
     0 | D:1      | Reached XP level 1. HP: 13/13 MP: 3/3
   153 | D:1      | Reached XP level 2. HP: 20/20 MP: 3/5
   470 | D:1      | Reached skill level 4 in Earth Magic
   585 | D:1      | Reached XP level 3. HP: 25/25 MP: 3/6
   980 | D:2      | Reached skill level 1 in Fighting
  1223 | D:2      | Found Buosk's Weapon Boutique.
  1231 | D:2      | Reached XP level 4. HP: 26/32 MP: 3/7
  1385 | D:2      | Found a blossoming altar of Fedhas.
  1641 | D:2      | Found a runed translucent door.
  1645 | D:2      | Learned a level 2 spell: Passwall
  1649 | D:2      | Learned a level 3 spell: Stone Arrow
  1649 | D:2      | Noticed Crazy Yiuf
  1658 | D:2      | Killed Crazy Yiuf
  1659 | D:2      | Reached skill level 1 in Conjurations
  1659 | D:2      | Reached XP level 5. HP: 16/38 MP: 3/9
  2059 | D:3      | Found a glowing silver altar of Zin.
  2173 | D:3      | Found a radiant altar of Vehumet.
  2808 | D:4      | Found Ziawnarch's Distillery.
  2813 | D:4      | Reached skill level 5 in Earth Magic
  2835 | D:4      | Bought a potion of degeneration for 14 gold pieces
  2860 | D:4      | Found an opulent altar of Gozag.
  2931 | D:4      | Learned a level 4 spell: Brom's Barrelling Boulder
  2944 | D:4      | Found a basalt altar of Yredelemnul.
  2951 | D:4      | Reached XP level 6. HP: 44/44 MP: 4/10
  3141 | D:4      | Identified the +6 dagger of Ashenzari's Delight {heavy, Fly
                  | rF++}
  3558 | D:4      | Noticed Grinder
  3582 | D:4      | Killed Grinder
  3583 | D:4      | Reached skill level 6 in Earth Magic
  3583 | D:4      | Reached XP level 7. HP: 28/52 MP: 8/12
  3940 | D:5      | Entered Level 5 of the Dungeon
  3940 | D:5      | Found a staircase to the Ecumenical Temple.
  3949 | Temple   | Entered the Ecumenical Temple
  3962 | Temple   | Became a worshipper of Cheibriados the Contemplative
  4050 | D:5      | Reached skill level 7 in Earth Magic
  4050 | D:5      | Reached skill level 1 in Invocations
  4130 | D:5      | Found a glowing drain.
  4143 | Sewer    | Entered a sewer
  4184 | Sewer    | Reached XP level 8. HP: 57/59 MP: 11/14
  4359 | Sewer    | Reached * piety under Cheibriados
  5074 | D:5      | Reached skill level 10 in Armour
  5074 | D:5      | Reached skill level 11 in Earth Magic
  5074 | D:5      | Reached XP level 9. HP: 65/65 MP: 15/15
  5175 | D:5      | Reached ** piety under Cheibriados
  5524 | D:5      | Found a shimmering blue altar of Sif Muna.
  6104 | D:6      | Found an ancient bone altar of Kikubaaqudgha.
  6107 | D:6      | Reached *** piety under Cheibriados
  6108 | D:6      | Reached XP level 10. HP: 73/73 MP: 14/17
  6111 | D:6      | Reached skill level 12 in Earth Magic
  6441 | D:6      | Reached skill level 5 in Spellcasting
  6663 | D:6      | Found a broken altar of Ashenzari.
  7001 | D:7      | Learned a level 2 spell: Sublimation of Blood
  7010 | D:7      | Found a sand-covered staircase.
  7111 | Ossuary  | Entered an ossuary
  7187 | Ossuary  | Reached skill level 1 in Shields
  7479 | Ossuary  | Reached **** piety under Cheibriados
  7595 | Ossuary  | Reached skill level 5 in Fighting
  8273 | D:8      | Reached skill level 5 in Invocations
  8376 | D:8      | Reached ***** piety under Cheibriados
  8867 | D:8      | Noticed Pikel
  8875 | D:8      | Killed Pikel
  9120 | D:8      | Noticed Joseph
  9127 | D:8      | Killed Joseph
  9128 | D:8      | Reached XP level 11. HP: 65/80 MP: 11/18
  9426 | D:9      | Found a staircase to the Orcish Mines.
  9862 | D:9      | Found a sacrificial altar of Ru.
  9920 | D:9      | Found a staircase to the Lair.
 10371 | D:10     | Entered Level 10 of the Dungeon
 10588 | D:10     | Reached skill level 1 in Necromancy
 10805 | D:11     | Found a runed translucent gate.
 10805 | D:11     | Found a runed translucent gate.
 10805 | D:11     | Found a runed translucent gate.
 10815 | D:11     | Noticed a manticore
 10822 | D:11     | Noticed Ratslayer's ghost (journeyman MiBe)
 10822 | D:11     | Noticed a centaur warrior
 10829 | D:10     | Killed a manticore
 11008 | D:11     | Noticed a centaur warrior
 11012 | D:11     | Killed a centaur warrior
 11013 | D:11     | Reached skill level 5 in Dodging
 11058 | D:11     | Found a frozen archway.
 11131 | D:11     | Noticed Psyche
 11133 | D:11     | Killed Psyche
 11138 | D:11     | HP: 4/83 [centaur warrior (9)]
 11141 | D:11     | Killed a centaur warrior
 11142 | D:11     | Slain by a gnoll sergeant

Illustrated notes

Levels and vault maps discovered:
D:1:      lightli_arrival_farm, layout_loops_ring
D:2:      layout_loops_ring, basic_altar, serial_shops,
          nicolae_shop_bloodbath_and_beyond, uniq_crazy_yiuf_cottage
D:3:      layout_basic, lemuel_crystal_altar, mainiacjoe_overflow_paths
D:4:      layout_rooms, mainiacjoe_overflow_small_starburst,
          mainiacjoe_overflow_catwalk, serial_shops,
          nicolae_shop_tiny_real_fake_doors, minmay_quadrilaterals, uniq_grinder
D:5:      nicolae_cairo_tiling_very_big, layout_basic, lemuel_blue_sif_altar,
          minmay_temple_entry_statues_fountains, portal_sewer_entry_b
D:6:      layout_layer_cave, lemuel_round_altar, kiku_gazebo_pond_becter,
          minmay_manual_monstrance
D:7:      layout_rooms, enter_ossuary_3
D:8:      layout_basic, uniq_joseph, uniq_pikel
D:9:      layout_layer_cave, nicolae_ru_sacrificial_ziggurat, dpeg_oklobed_lair,
          orc_0_dummy
D:10:     wad_pebble_path, layout_rooms
D:11:     minmay_stone_box, layout_long_grid, gammafunk_ghost_spectres,
          portal_ice_cave_entry_ice_simulacra, kennysheep_minor_cross,
          minmay_circle_x, uniq_psyche
Temple:   zaba_magenta_temple

Skill      XL: |  1  2  3  4  5  6  7  8  9 10 11 |
---------------+----------------------------------+-----
Earth Magic    | 4 5 6 7 11 12 | 12.0
Fighting       | 1 2 3 4 5 6 |  6.5
Transmutations | 2 |  2.0
Conjurations   | 1 2 3 4 |  4.0
Spellcasting   | 3 4 5 |  5.0
Invocations    | 1 2 3 5 7 |  7.8
Armour         | 10 11 | 11.6
Dodging        | 3 5 |  5.4
Shields        | 1 2 |  2.8
Necromancy     | 2 |  2.2
Stealth        | |  2.4

Action                     |  1- 3 |  4- 6 |  7- 9 | 10-12 || total
---------------------------+-------+-------+-------+-------++-------
  Melee: Unarmed           |     2 |       |       |       ||     2
         Short sword       |     1 |     1 |       |       ||     2
         Quarterstaff      |       |    38 |       |       ||    38
         Dagger            |       |    11 |     4 |    39 ||    54
         Punch             |       |     1 |       |       ||     1
   Fire: Sling             |       |       |       |    10 ||    10
   Cast: Sandblast         |    37 |    69 |   119 |   245 ||   470
         Stone Arrow       |       |       |       |     3 ||     3
         Brom's Barrelling |       |       |       |     1 ||     1
 Invoke: Slouch            |       |       |       |     3 ||     3
         Temporal Distorti |       |       |       |     3 ||     3
         Bend Time         |       |       |       |     1 ||     1
    Use: Scroll            |       |       |     7 |     7 ||    14
         Potion            |       |       |     1 |     3 ||     4
   Stab: Sleeping          |     1 |     4 |       |       ||     5
 Armour: Robe              |    13 |    30 |       |       ||    43
         Ring mail         |       |    39 |    24 |       ||    63
         Chain mail        |       |       |    16 |    66 ||    82
         Plate armour      |       |       |       |   264 ||   264
  Dodge: Dodged            |    11 |    45 |    38 |   179 ||   273
  Block: Buckler           |       |       |       |    54 ||    54

Table legend: (Time is in decaauts)
 A = Elapsed time spent in this place.
 B = Non-inter-level travel time spent in this place.
 C = Inter-level travel time spent in this place.
 D = Time resting spent in this place.
 E = Time spent auto-exploring this place.
 F = Levels seen in this place.
 G = Mean time per level.
                   A        B        C        D        E       F      G
               +--------+--------+--------+--------+--------+-----+--------+
         Total |  14183 |  13719 |    464 |    734 |  10732 |  14 | 1013.1 |
       Dungeon |  12295 |  11847 |    448 |    698 |   9320 |  11 | 1117.7 |
        Temple |     30 |     15 |     15 |      0 |      0 |   1 |   30.0 |
         Sewer |   1100 |   1100 |      0 |     26 |    841 |   1 | 1100.0 |
       Ossuary |    757 |    757 |      0 |     10 |    570 |   1 |  757.0 |
               +--------+--------+--------+--------+--------+-----+--------+

Top non-repeatable levels by time:
     D:6: 2001 daAuts
     D:9: 1758 daAuts
     D:8: 1574 daAuts
     D:4: 1213 daAuts
   Sewer: 1100 daAuts
     D:2: 1028 daAuts
     D:1: 1012 daAuts
     D:7: 947 daAuts
     D:5: 899 daAuts
    D:10: 864 daAuts
     D:3: 783 daAuts
 Ossuary: 757 daAuts
    D:11: 211 daAuts
  Temple: 30 daAuts
